 Dungeon Crawl Stone Soup version 0.31-a0-691-g409c26aa35 (webtiles) character file.

Game seed: 6687294371779205445

3792 arthad the Ruffian (level 9, 0/76 (89) HPs)
             Began as a Troll Shapeshifter on Sept 6, 2023.
             Was a Follower of Uskayaw.
             Slain by a wight
             ... wielding a +2 short sword of freezing
              (2 damage)
             ... on level 8 of the Dungeon.
             The game lasted 00:09:36 (6172 turns).

arthad the Ruffian (Troll Shapeshifter)             Turns: 6172, Time: 00:09:37

HP:   0/76 (89)     AC:  7    Str: 28    XL:     9   Next: 95%
MP:   0/8           EV: 11    Int:  6    God:    Uskayaw [*.....]
Gold: 346           SH:  0    Dex:  9    Spells: 8/8 levels left

rFire   . .          .
                       - Unarmed
rCold   . . .        (no shield)
rNeg    . . .        q - +0 steam dragon scales
rPois   .            (helmet currently unavailable)
rElec   .            (cloak currently unavailable)
rCorr   .            (gloves unavailable)
SInv    +            (boots unavailable)
Will    .....        j - amulet of guardian spirit
Stlth   +            I - ring of see invisible
HPRegen 1.12/turn    O - +4 ring of slaying
MPRegen 0.11/turn

%: guardian spirit
@: beast-form, heavily drained
A: beast (slay +4), large, unfitting armour, claws 3, regeneration 1, shaggy fur
1, tough skin 1, horns 1
a: Begin Untransformation, Renounce Religion, Stomp


You were on level 8 of the Dungeon.
You worshipped Uskayaw.
Uskayaw was noncommittal.
You were a hulking beast.
You visited 2 branches of the dungeon, and saw 9 of its levels.
You also visited: Ossuary.

You collected 346 gold pieces.

Inventory:

Hand Weapons
 l - the +1 war axe of Pannub {protect, rPois Will+}
   (You found it on level 2 of the Dungeon)

   rPois:     It protects you from poison Will+: It increases your willpower.
 o - a +4 quarterstaff of chaos
 C - a +4 morningstar of freezing
 J - a +4 trident of draining
Missiles
 h - 4 silver javelins
 B - 7 large rocks (quivered)
 M - a throwing net
Armour
 a - a +0 animal skin
 p - a +0 cloak
 q - +0 steam dragon scales (worn)
 w - a +2 robe of cold resistance
 K - an orb of energy
 L - a +1 robe of willpower
Jewellery
 j - an amulet of guardian spirit (around neck)
 s - an amulet of magic regeneration
 F - a ring of fire
 H - a ring of fire
 I - a ring of see invisible (left claw)
 N - a ring of wizardry
 O - a +4 ring of slaying (right claw)
Talismans
 c - a beast talisman (active)
 d - a flux talisman
Wands
 D - a wand of acid (8)
Scrolls
 g - 7 scrolls of identify {unknown}
 k - a scroll of enchant weapon {unknown}
 m - a scroll of fear
 n - 4 scrolls of amnesia
 t - a scroll of acquirement
 u - a scroll of fog
 v - a scroll of torment {unknown}
 y - 2 scrolls of noise {unknown}
 A - a scroll of poison {unknown}
 E - a scroll of brand weapon {unknown}
 G - a scroll of revelation
Potions
 b - 5 potions of lignification
 e - 4 potions of mutation
 f - a potion of haste {unknown}
 i - 2 potions of might {unknown}
 r - 2 potions of degeneration {unknown}
 x - a potion of curing {unknown}
 z - 2 potions of attraction {unknown}
 P - 2 potions of ambrosia {unknown}


   Skills:
 + Level 6.0 Fighting
 + Level 6.2 Dodging
 + Level 7.7 Unarmed Combat
 + Level 7.2 Shapeshifting


You had 8 spell levels left.
You didn't know any spells.
Your spell library contained the following spells:

 Spells                   Type           Power      Damage    Failure   Level
 Apportation              Tloc           0%         N/A       45%         1
 Necrotise                Necr           0%         1d4       45%         1
 Summon Small Mammal      Summ           0%         N/A       45%         1
 Ensorcelled Hibernation  Hex/Ice        0%         N/A       58%         2
 Static Discharge         Conj/Air       0%         2-2/arc   58%         2
 Airstrike                Air            0%         2d(0-16)  99%         4
 Anguish                  Hex/Necr       0%         N/A       99%         4
 Summon Lightning Spire   Summ/Air       0%         N/A       99%         4


Dungeon Overview and Level Annotations

Branches:
Dungeon (8/15)             Temple (1/1) D:6         Ossuary (visited)
   Lair: D:8-11

Altars:
Ashenzari
Dithmenos
Elyvilon
Fedhas
Gozag
Kikubaaqudgha
Makhleb
Nemelex Xobeh
Okawaru
Qazlal
Ru
Sif Muna
Trog
Uskayaw
Vehumet
Wu Jian
Xom
Yredelemnul
Zin
The Shining One

Shops:
D:4 (   D:8 [*


Innate Abilities, Weirdness & Mutations

You are a hulking beast.
Your limbs bulge with bestial killing power. (Slay +4)
You are too large for most types of armour.
You have claws for hands.
Your natural rate of healing is unusually fast.
You are covered in fur. (AC +1)
You have tough skin. (AC +1)
You have a pair of small horns on your head.


Message History

The wight hits you with a +5 hand axe.
The wight hits you with a +2 short sword of freezing!
You feel drained. The wight freezes you. The wight misses you.
You can now pass through a line of other dancers.
You are too injured to fight recklessly!
You are too injured to fight recklessly!
You are too injured to fight recklessly!
You are too injured to fight recklessly!
You are too injured to fight recklessly!
You are too injured to fight recklessly!
As you read the scroll labelled LEMODO LEISCHYCS, it crumbles to dust.
It is a scroll of amnesia.
You feel forgetful for a moment. The wight closely misses you.
The wight hits you with a +5 hand axe!
* * * LOW HITPOINT WARNING * * *
You feel drained.
* * * LOW HITPOINT WARNING * * *
The wight hits you but does no damage.
The wight hits you from afar with a +3 spear.
* * * LOW HITPOINT WARNING * * *
Unknown command.
The wight attacks as it pursues you! The wight hits you with a +5 hand axe!
* * * LOW HITPOINT WARNING * * *
It was a potion of mutation.
You feel extremely strange. A pair of horns grows on your head!
The wight hits you with a +0 morningstar.
* * * LOW HITPOINT WARNING * * *
You can no longer pass through a line of other dancers.
Okay, then.
As you read the scroll labelled HIDWUSE ETZEVIURU, it crumbles to dust.
You assume a fearsome visage.
The wight is unaffected. x4
It was a scroll of fear.
This is a scroll of acquirement!
Something appears at your feet!
As you read the scroll labelled SUWNOO YPOV, it dissolves into smoke.
It was a scroll of fog.
The wight hits you with a +2 short sword of freezing.
* * * LOW HITPOINT WARNING * * *
The wight freezes you.
You die...

###.........###....###.####
#.........#####...)###.####
#.......>.........)........
#........########...##+###.
#...∩......................
#......##########.......##.
######## #§§............##.
#§######...##.###. #h#
#...##.# #. #z# #...##.# #.
#####z# ##'###.# #.
#...zz#######.###.# #.
#...............#.# #.
#......######.#.#.# #.
#......# #.#.#.# #.
###....# #.#.#.# #. #....#
#.#.#.# #.


You could see 2 wights.

Vanquished Creatures
  Jeremiah (D:7)
  Maggie (D:7)
  A water moccasin (D:6)
  An ice beast (D:8)
  2 ogres
  3 sky beasts
  A black bear (D:5)
  The ghost of 0gre the Trooper, an amateur DsFi (D:3)
  3 centaurs
  2 phantoms (D:5)
  A kobold brigand (D:7)
  An elf zombie (Ossuary)
  A gnoll sergeant (D:8)
  2 scorpions
  12 wights
  2 centaur zombies (Ossuary)
  A jelly (D:6)
  2 human zombies (Ossuary)
  5 hounds
  An orc priest (D:8)
  Crazy Yiuf (D:2)
  Terence (D:2)
  4 iguanas
  Natasha (thrice) (D:2)
  4 orc wizards
  3 sleepcaps
  2 mummies (Ossuary)
  9 adders
  12 gnolls
  A shadow imp (D:5)
  A white imp (D:5)
  An ufetubus (D:6)
  An adder zombie (Ossuary)
  3 worms
  A dart slug (D:3)
  15 orcs
  7 ball pythons
  8 endoplasms
  3 giant cockroaches
  A gnoll zombie (D:4)
  4 goblins
  3 hobgoblins
  4 jackals (D:1)
  7 quokkas
  4 bats
  2 goblin zombies (Ossuary)
  15 hobgoblin zombies (Ossuary)
  2 jackal zombies (Ossuary)
  10 kobolds
  5 kobold zombies (Ossuary)
  7 orc zombies (Ossuary)
  4 rats (D:3)
  A rat zombie (D:4)
193 creatures vanquished.

Notes
Turn   | Place    | Note
-------+----------+-------------------------------------------
     0 | D:1      | arthad the Troll Shapeshifter began the quest for the Orb.
     0 | D:1      | Reached XP level 1. HP: 18/18 MP: 0/0
    82 | D:1      | Reached skill level 1 in Fighting
   158 | D:1      | Reached XP level 2. HP: 27/27 MP: 1/1
   531 | D:2      | Reached XP level 3. HP: 33/33 MP: 2/2
   547 | D:2      | Found a sparkling altar of Nemelex Xobeh.
   579 | D:2      | Noticed Terence
   587 | D:2      | Killed Terence
   591 | D:2      | Reached XP level 4. HP: 42/42 MP: 3/3
   661 | D:2      | Identified the +1 war axe of Pannub {protect, rPois Will+}
   673 | D:2      | Found a runed translucent door.
   674 | D:2      | Noticed Crazy Yiuf
   779 | D:2      | Noticed Natasha
   787 | D:2      | Killed Natasha
  1099 | D:2      | Killed Crazy Yiuf
  1100 | D:2      | Reached XP level 5. HP: 23/49 MP: 0/4
  1199 | D:2      | Noticed Natasha
  1212 | D:2      | Killed Natasha
  1262 | D:2      | Noticed Natasha
  1268 | D:2      | Killed Natasha
  1419 | D:3      | Noticed an ogre
  1448 | D:3      | Killed an ogre
  1449 | D:3      | Reached XP level 6. HP: 58/59 MP: 3/5
  1820 | D:4      | Found a sand-covered staircase.
  1829 | Ossuary  | Entered an ossuary
  2045 | Ossuary  | Reached XP level 7. HP: 63/67 MP: 4/6
  2177 | D:4      | Found an ornate altar of the Wu Jian Council.
  2331 | D:4      | Found Detagraqa's Weapon Shoppe.
  2369 | D:4      | Reached skill level 5 in Unarmed Combat
  2372 | D:4      | You fall into a shaft and drop 3 floors!
  2408 | D:7      | Reached skill level 5 in Shapeshifting
  2480 | D:7      | Reached XP level 8. HP: 78/78 MP: 7/7
  2506 | D:7      | Noticed Maggie
  2515 | D:7      | Killed Maggie
  2938 | D:5      | Entered Level 5 of the Dungeon
  3323 | D:5      | Reached skill level 5 in Dodging
  3448 | D:5      | Reached XP level 9. HP: 78/87 MP: 5/8
  4031 | D:3      | Found a runed translucent gate.
  4031 | D:3      | Found a runed translucent gate.
  4032 | D:3      | Found a runed translucent gate.
  4052 | D:3      | Noticed 0gre's ghost (amateur DsFi)
  4284 | D:3      | Killed 0gre's ghost
  4285 | D:3      | Reached skill level 5 in Fighting
  4579 | D:6      | Found a staircase to the Ecumenical Temple.
  4597 | Temple   | Entered the Ecumenical Temple
  4604 | Temple   | Became a worshipper of Uskayaw the Reveller
  4767 | D:6      | Found a broken altar of Ashenzari.
  4810 | D:6      | Reached * piety under Uskayaw
  4813 | D:6      | Reached ** piety under Uskayaw
  5203 | D:7      | Noticed Jeremiah
  5208 | D:7      | Killed Jeremiah
  5428 | D:8      | Reached *** piety under Uskayaw
  5430 | D:8      | Reached **** piety under Uskayaw
  5863 | D:8      | Found Huwif's Demolitions Depot.
  6123 | D:8      | Found Qiboiddi's Armour Emporium.
  6166 | D:8      | HP: 3/76 [wight/+5 hand axe (13)]
  6168 | D:8      | Gained mutation: You have a pair of small horns on your
                  | head. [potion of mutation]
  6171 | D:8      | Identified 2 scrolls of acquirement
  6171 | D:8      | Acquired a +0 tower shield of fire resistance
  6172 | D:8      | HP: 2/76 [wight/+2 short sword of freezing (6)]
  6172 | D:8      | Slain by a wight

Illustrated notes

Levels and vault maps discovered:
D:1:      lightli_arrival_chessboard, layout_rooms
D:2:      layout_rooms, basic_altar, minmay_strange_pillars, chequers_arboretum,
          uniq_terence, uniq_natasha, uniq_crazy_yiuf_cottage
D:3:      layout_basic, ebering_ghost_rock_garden
D:4:      layout_basic, mainiacjoe_overflow_tiny_flanked, enter_ossuary_3,
          serial_shops, kennysheep_little_box
D:5:      layout_gridville
D:6:      layout_basic, nicolae_overflow_crystal_walls,
          minmay_temple_entry_water_ring
D:7:      layout_basic, grunt_decor_fettered, uniq_jeremiah, uniq_maggie
D:8:      layout_basic, serial_shops, shop, nicolae_blasting_shop
Temple:   hc_temple_tempest_star

Skill      XL: |  1  2  3  4  5  6  7  8  9 |
---------------+----------------------------+-----
Fighting       | 1 2 3 4 6 |  6.0
Dodging        | 2 3 4 5 6 |  6.2
Unarmed Combat | 4 5 6 7 |  7.7
Shapeshifting  | 4 5 6 7 |  7.2

Action                     |  1- 3 |  4- 6 |  7- 9 || total
---------------------------+-------+-------+-------++-------
  Melee: Unarmed           |    53 |   173 |   265 ||   491
         Punch             |       |     7 |     4 ||    11
  Throw: Javelin           |       |     4 |     3 ||     7
         Large rock        |       |       |     1 ||     1
  Evoke: Wand              |       |       |     2 ||     2
    Use: Scroll            |       |     2 |     4 ||     6
         Potion            |       |       |     1 ||     1
   Stab: Sleeping          |       |       |     1 ||     1
         Paralysed         |       |       |     3 ||     3
 Armour: Animal skin       |    26 |   136 |    27 ||   189
         Steam dragon scal |       |       |   158 ||   158
  Dodge: Dodged            |    21 |   102 |   129 ||   252

Table legend: (Time is in decaauts)
 A = Elapsed time spent in this place.
 B = Non-inter-level travel time spent in this place.
 C = Inter-level travel time spent in this place.
 D = Time resting spent in this place.
 E = Time spent auto-exploring this place.
 F = Levels seen in this place.
 G = Mean time per level.
                   A        B        C        D        E       F      G
               +--------+--------+--------+--------+--------+-----+--------+
         Total |   6127 |   5660 |    467 |     52 |   4467 |  10 |  612.7 |
       Dungeon |   5822 |   5368 |    454 |     47 |   4347 |   8 |  727.8 |
        Temple |     14 |      1 |     13 |      0 |      0 |   1 |   14.0 |
       Ossuary |    290 |    290 |      0 |      5 |    120 |   1 |  290.0 |
               +--------+--------+--------+--------+--------+-----+--------+

Top non-repeatable levels by time:
     D:3: 848 daAuts
     D:2: 842 daAuts
     D:6: 828 daAuts
     D:5: 823 daAuts
     D:8: 815 daAuts
     D:7: 633 daAuts
     D:4: 584 daAuts
     D:1: 447 daAuts
 Ossuary: 290 daAuts
  Temple: 14 daAuts
